AoeStats
← LUCAS

Coastal Forest

510780467Analyzed
4v4 RM · 16h ago on Oct 2, 2026· 19m 56s· 8 players
Game mode
Random Map
Map size
Large (8 player)
Population
200
Speed
Normal
Resources
Standard
Victory
Conquest
Starting age
Dark Age
Ending age
Imperial Age
RankedLock teamsTeams togetherTeam positionsShared explorationLock speedFull tech treeHidden civsTurbo modeCheats
Victory
Defeat
🇦🇷 Wei · Argentina
860
+13
🇦🇷 Britons · Argentina
847
+14
🇦🇷 Byzantines · Argentina
826
+15
🇦🇷 Khitans · Argentina
807
+15
🇨🇳 Mongols · China
915
-18
🇦🇷 Huns · Argentina
834
-16
🇮🇳 Japanese · India
760
-13
🇨🇳 Vietnamese · China
680
-14
JAS
雨落
9:34 Feudal Age
14:29 Castle Age
13:06 Double-Bit Axe
16:02 Bow Saw
19:51 Loom
LUCAS
15:31 Feudal Age
16:20 Double-Bit Axe
16:19 Horse Collar
18:48 Wheelbarrow
Links5165
2:42 Loom
11:06 Feudal Age
14:57 Castle Age
14:04 Double-Bit Axe
15:53 Wheelbarrow
18:59 Bow Saw
19:37 Fishing Lines
sauceBoyz'
7:42 Loom
9:44 Feudal Age
10:31 Double-Bit Axe
19:13 Castle Age
17:24 Gold Mining
18:30 Stone Mining
Pola.10
11:12 Feudal Age
9:30 Loom
12:17 Double-Bit Axe
14:28 Town Watch
18:18 Castle Age
17:18 Fletching
17:34 Padded Archer Armor
17:25 Horse Collar
17:48 Padded Archer Armor
CAIPIROSKA
7:49 Loom
10:22 Feudal Age
11:48 Horse Collar
16:22 Wheelbarrow
16:28 Double-Bit Axe
17:50 Fletching
18:17 Forging
18:08 Scale Mail Armor
18:09 Padded Archer Armor
Irettam
12:43 Feudal Age
15:55 Town Watch
18:53 Castle Age
17:56 Double-Bit Axe
18:37 Scale Barding Armor
18:45 Forging
19:13 Domestication
Connection lost

Rejoining the realm…

Still unreachable

The connection could not be restored.

Session expired

The server has moved on; the page needs a fresh start.